AoeStats
← hdwnk

MegaRandom

510169015Analyzed
3v3 RM · 3d ago on Sep 29, 2026· 28m 36s· 6 players
Game mode
Random Map
Map size
Normal (6 player)
Population
200
Speed
Normal
Resources
Standard
Victory
Conquest
Starting age
Dark Age
Ending age
Imperial Age
RankedLock teamsTeams togetherTeam positionsShared explorationLock speedFull tech treeHidden civsTurbo modeCheats
Victory
Defeat
🇩🇪 Armenians · Germany
956
+13
🇩🇪 Italians · Germany
934
+14
🇩🇪 Ethiopians · Germany
903
+16
🇳🇴 Varangians · Norway
905
-15
🇱🇻 Teutons · Latvia
898
-14
🇧🇾 Danes · Belarus
882
-14
HatedNorwegian
12:46 Feudal Age
17:07 Castle Age
24:27 Horse Collar
25:42 Double-Bit Axe
Khan Cataphract
0:36 Loom
11:47 Feudal Age
14:50 Fishing Lines
17:38 Castle Age
16:37 Padded Archer Armor
16:28 Fletching
17:52 Gold Mining
20:34 Double-Bit Axe
20:46 Gillnets
21:29 Bodkin Arrow
21:49 Leather Archer Armor
23:55 Ballistics
24:24 Gold Shaft Mining
25:43 Masonry
hdwnk
0:47 Loom
11:57 Feudal Age
12:49 Horse Collar
12:57 Double-Bit Axe
14:27 Gold Mining
14:27 Stone Mining
16:48 Padded Archer Armor
18:21 Fletching
18:33 Fishing Lines
25:03 Castle Age
Inatas
4:28 Loom
10:33 Feudal Age
18:26 Castle Age
19:08 Double-Bit Axe
25:09 Fishing Lines
28:53 Horse Collar
Dr_Nobs
4:02 Loom
11:13 Feudal Age
12:35 Wheelbarrow
11:52 Double-Bit Axe
12:35 Gold Mining
13:15 Town Watch
16:58 Scale Mail Armor
17:09 Forging
16:53 Fletching
17:04 Padded Archer Armor
18:27 Fishing Lines
20:59 Castle Age
18:44 Man-at-Arms
21:04 Horse Collar
22:17 Hand Cart
22:06 Town Patrol
23:36 Squires
22:57 Long Swordsman
23:01 Crossbowman
23:01 Elite Skirmisher
25:46 Thumb Ring
25:51 Stone Mining
ShaggyClumpOfHair
0:35 Loom
9:56 Feudal Age
10:25 Double-Bit Axe
10:34 Gold Mining
11:13 Town Watch
11:07 Man-at-Arms
14:06 Scale Mail Armor
15:00 Horse Collar
16:18 Forging
16:23 Arson
16:35 Long Swordsman
17:39 Pikeman
19:52 Wheelbarrow
21:08 Fletching
21:35 Fishing Lines
24:21 Castle Age
25:11 Halberdier
26:09 Chain Mail Armor
26:29 Iron Casting
25:17 Two-Handed Swordsman
25:57 Squires
25:55 Bodkin Arrow
26:32 Elite Skirmisher
Connection lost

Rejoining the realm…

Still unreachable

The connection could not be restored.

Session expired

The server has moved on; the page needs a fresh start.